 Dungeon Crawl Stone Soup version 0.29.0-4-gdea44cf6ec (webtiles) character file.

Game seed: 5549499351162908700

106717 qw the Warrior (level 15, -24/149 HPs)
             Began as a Minotaur Berserker on Sept 5, 2022.
             Was an Elder of Trog.
             Engulfed by a cloud of freezing vapour (26 damage)
             ... on level 2 of the Orcish Mines.
             The game lasted 00:10:24 (31589 turns).

qw the Warrior (Minotaur Berserker)                Turns: 31589, Time: 00:10:24

Health: -24/149    AC: 29    Str: 28    XL:     15   Next: 98%
Magic:  0/14       EV:  9    Int:  6    God:    Trog [****..]
Gold:   1777       SH: 13    Dex: 11    Spells: 14/14 levels left

rFire   + + .      SeeInvis .   u - +3 war axe of Valuable Assets {vamp, rPois rF+ rN++ Stlth-}
rCold   . . .      Faith    .   A - +0 kite shield
rNeg    + + .      Spirit   +   y - +3 plate armour {rF+}
rPois   +          Reflect  .   (helmet restricted)
rElec   .          Harm     .   i - +0 cloak
rCorr   +          Rampage  .   v - +0 pair of gloves
Will    +....                   k - +1 pair of boots
Stlth   ..........              j - amulet of guardian spirit
HPRegen 0.34/turn               x - ring "Ruf Mic" {Wiz rCorr Int+2 Slay+3}
MPRegen 0.14/turn               g - +4 ring of protection

@: no status effects
A: horns 2, retaliatory headbutt
a: Renounce Religion, Berserk, Trog's Hand, Brothers in Arms


You were on level 2 of the Orcish Mines.
You worshipped Trog.
Trog was greatly pleased with you.
You visited 3 branches of the dungeon, and saw 22 of its levels.

You collected 2339 gold pieces.
You spent 562 gold pieces at shops.


Innate Abilities, Weirdness & Mutations

You have a pair of horns on your head.
You reflexively headbutt those who attack you in melee.


   Skills:
 - Level 18.0 Fighting
 - Level 16.0 Axes
 - Level 10.0 Throwing
 + Level 15.1 Armour
 - Level 7.0 Dodging
 - Level 15.6 Shields


You had 14 spell levels left.
You didn't know any spells.
Your spell library was empty.

Inventory:

Hand Weapons
 e - a +1 hand axe of flaming
 n - a +1 vampiric broad axe
 u - the +3 war axe of Valuable Assets (weapon) {vamp, rPois rF+ rN++ Stlth-}
   (You found it on level 4 of the Lair of Beasts)

   It occasionally heals its wielder for a portion of the damage dealt when it
   wounds a living foe.
   rF:        It protects you from fire.
   rPois:     It protects you from poison.
   rN:        It greatly protects you from negative energy.
   Stlth:     It makes you less stealthy.
Missiles
 a - 13 boomerangs (quivered)
 q - 2 silver javelins
Armour
 i - a +0 cloak (worn)
 k - a +1 pair of boots (worn)
 v - a +0 pair of gloves (worn)
 y - a +3 plate armour of fire resistance (worn)
 z - the +1 pair of boots of the Jackalope {rElec rPois rC-}
   (You found it on level 14 of the Dungeon)

   rC:        It makes you vulnerable to cold.
   rElec:     It insulates you from electricity.
   rPois:     It protects you from poison.
 A - a +0 kite shield (worn)
Jewellery
 g - a +4 ring of protection (right hand)
 j - an amulet of guardian spirit (around neck)
 l - a +6 ring of strength
 o - a ring of fire
 r - a ring of poison resistance
 t - a ring of protection from fire
 w - the ring of Brilliance {rPois rN+ Int+3}
   (You found it on level 13 of the Dungeon)

   [ring of positive energy]

   Int:       It affects your intelligence (+3).
   rPois:     It protects you from poison.
   rN:        It protects you from negative energy.
 x - the ring "Ruf Mic" (left hand) {Wiz rCorr Int+2 Slay+3}
   (You found it on level 13 of the Dungeon)

   [ring of wizardry]

   It improves your spell success rate.
   Int:       It affects your intelligence (+2).
   Slay:      It affects your accuracy & damage with ranged weapons and melee
   (+3).
   rCorr:     It protects you from acid and corrosion.
Wands
 c - a wand of digging (6)
Scrolls
 p - 10 scrolls of identify
Potions
 b - 3 potions of resistance
 f - 3 potions of might
 h - 6 potions of mutation
 m - 12 potions of curing
 s - 2 potions of heal wounds

Dungeon Overview and Level Annotations

Branches:
Dungeon (15/15)            Temple (0/1) D:6            Lair (5/5) D:11
  Swamp (0/4) Lair:3        Snake (0/4) Lair:2        Slime (0/5) Lair:4
    Orc (2/2) D:11            Elf (0/3) Orc:2        Vaults (0/5) D:14
 Depths (0/4) D:15

Altars:
Ashenzari
Elyvilon
Gozag
Makhleb
Nemelex Xobeh
Okawaru
Ru
Trog
Vehumet
The Shining One
Jiyva

Shops:
D:7 [   D:11 *   D:12 *(   Orc:2 **[:?

Portals:
Abyss: D:5
Pandemonium: Orc:2
Bazaar: Orc:2

Annotations:
D:5 2 transporters, qw's ghost, novice GrBe
D:9 4 transporters
D:15 2 transporters, Jiecrehi's ghost, journeyman DDFi
Lair:4 1 runed translucent door


Message History

You're standing in a cloud of freezing vapour!
You are engulfed in freezing vapours.
You start resting.
You're standing in a cloud of freezing vapour!
You're standing in a cloud of freezing vapour!
You are engulfed in freezing vapours.
You start resting.
You are engulfed in freezing vapours.
You're standing in a cloud of freezing vapour!
You're standing in a cloud of freezing vapour!
You are engulfed in freezing vapours.
You're standing in a cloud of freezing vapour!
You are engulfed in freezing vapours.
You're standing in a cloud of freezing vapour!
You are engulfed in freezing vapours.
You start resting.
You're standing in a cloud of freezing vapour!
You're standing in a cloud of freezing vapour!
You are engulfed in freezing vapours.
You're standing in a cloud of freezing vapour!
You are engulfed in freezing vapours.
You're standing in a cloud of freezing vapour!
You are engulfed in freezing vapours.
You start resting.
You're standing in a cloud of freezing vapour!
You're standing in a cloud of freezing vapour!
You are engulfed in freezing vapours.
You start resting.
You're standing in a cloud of freezing vapour!
You're standing in a cloud of freezing vapour!
You are engulfed in freezing vapours.
You're standing in a cloud of freezing vapour!
You are engulfed in freezing vapours.
You're standing in a cloud of freezing vapour!
You are engulfed in freezing vapours.
You start resting.
You're standing in a cloud of freezing vapour!
You're standing in a cloud of freezing vapour!
You are engulfed in freezing vapours.
You die...

<..#..###### ##...)..........#
)......###.######............#...
........#.................)..#...
.....#.###.#.................^...
........#...........#............
........#..#.##).................
...........#####..).......##..#.#
.......##.#####.....#....####....
#......######..0@0......#####.#.#
###.#.#### #.....0.)....##..##...
###....#.###...0000.....'...#....
)###......###..0~~00)...##..#....
))###....## ##.~000)....#####....
)).####...# ##.~0~.0....####....
))..###...# ##.~.0..#....###...
.#...###.## ##0..##.....# #...
...#.\#### ..0####...## ##..


There were no monsters in sight!

Vanquished Creatures
  Rupert (Lair:4)
  An orc warlord (Orc:1)
  2 dire elephants (Lair:5)
  Josephine (D:11)
  A fire dragon (D:13)
  2 ice dragons (D:15)
  7 vault guards (D:14)
  4 hydras
  4 boulder beetles
  7 centaur warriors
  4 catoblepae
  2 death knights (D:13)
  3 tengu warriors
  9 two-headed ogres
  2 orc high priests (Orc:2)
  A soul eater (Orc:2)
  4 skeletal warriors
  7 orc knights
  A lindwurm (Lair:5)
  A bog body (Lair:3)
  8 orc sorcerers (Orc:2)
  22 ugly things
  5 deep elf pyromancers
  7 cyclopes
  5 manticores
  4 elephants (Lair:4)
  Joseph (D:10)
  4 gargoyles
  4 black mambas (Lair:5)
  14 cane toads
  2 unseen horrors
  A torpor snail (Lair:5)
  An orange demon (Orc:2)
  3 rime drakes
  2 tengu conjurers
  3 efreet
  A freezing wraith (D:13)
  A komodo dragon (shapeshifter) (D:13)
  5 komodo dragons
  4 yaktaurs (D:15)
  2 queen bees (shapeshifter) (D:13)
  5 trolls
  3 hornets
  A polar bear (Lair:5)
  Grinder (D:3)
  23 slime creatures
  5 blink frogs
  4 dream sheep (Lair:5)
  A blink frog (shapeshifter) (D:14)
  A spriggan (shapeshifter) (D:14)
  A shadow (D:10)
  10 wraiths
  4 wyverns
  4 basilisks
  32 yaks
  Grum (D:10)
  A steam dragon (D:8)
  24 vampire mosquitoes
  2 chaos spawn (Orc:2)
  Edmund (D:6)
  2 wargs
  An acid dragon (D:13)
  14 water moccasins
  33 orc warriors
  Duvessa (D:4)
  A black bear (D:11)
  A black bear (shapeshifter) (D:14)
  9 ogres
  4 boggarts (D:15)
  19 wolves
  4 centaurs (D:13)
  3 phantoms
  3 kobold brigands
  A necrophage (D:5)
  10 bullfrogs
  6 scorpions
  18 wights
  Dowan (D:4)
  18 killer bees
  3 electric eels
  7 howler monkeys
  A crimson imp (D:3)
  A lava snake (D:12)
  3 hounds
  5 jellies
  23 orc priests
  Natasha (thrice) (D:4)
  Terence (D:3)
  14 orc wizards
  3 iguanas
  Ijyb (D:3)
  6 adders
  3 white imps
  A worm (D:4)
  65 orcs
  A ball python (D:1)
  6 endoplasms (D:1)
  3 giant cockroaches
  5 hobgoblins
  7 jackals
  2 bats
  A frilled lizard (D:3)
  4 goblins
  A goblin skeleton (D:3)
  2 goblin zombies (D:3)
  A hobgoblin zombie (D:3)
  12 kobolds
  3 kobold skeletons (D:3)
  A kobold zombie (D:3)
  An orc skeleton (D:3)
  2 orc zombies (D:3)
  6 rats
634 creatures vanquished.

Vanquished Creatures (collateral kills)
  A hydra (D:12)
  3 demonspawn (Orc:2)
  An orc high priest (Orc:2)
  An orc knight (Orc:2)
  An orange demon (Orc:2)
7 creatures vanquished.

Vanquished Creatures (others)
  An ogre mage (D:15)
  An orc knight (Orc:2)
  A centaur simulacrum (D:14)
  An orc warrior (Orc:2)
  A black bear (shapeshifter) (D:14)
  An ogre (Orc:2)
  A howler monkey (D:14)
  An orc priest (Orc:2)
  An orc wizard (Orc:2)
  4 orcs (Orc:2)
  40 fungi
  76 plants
129 creatures vanquished.

Grand Total: 770 creatures vanquished

Notes
Turn   | Place    | Note
-------+----------+-------------------------------------------
     0 | D:1      | qw the Minotaur Berserker began the quest for the Orb.
     0 | D:1      | Reached XP level 1. HP: 19/19 MP: 0/0
     0 | D:1      | 0 ||| qw: Version: 0.1-a-104-g96f76f8
     0 | D:1      | 0 ||| qw: Game counter: 5803
     0 | D:1      | 0 ||| qw: Always use a shield: true
     0 | D:1      | 0 ||| qw: Do Orc after D:15 true
     0 | D:1      | 0 ||| qw: Do second Lair branch before Depths: true
     0 | D:1      | 0 ||| qw: Lair rune preference: random
     0 | D:1      | 0 ||| qw: Plans: Normal
     0 | D:1      | 0 ||| PLANNING D:1-11
   305 | D:1      | Reached XP level 2. HP: 25/26 MP: 1/1
   333 | D:1      | 333 ||| Stepping ~*~*~tactically~*~*~ (stealth).
  1067 | D:1      | 1067 ||| UPGRADING to +0 leather armour.
  1077 | D:1      | 1077 ||| DROPPING +0 animal skin.
  1078 | D:1      | 1078 ||| UPGRADING to +0 ring mail.
  1088 | D:1      | 1088 ||| DROPPING +0 leather armour.
  1089 | D:1      | 1089 ||| READING scroll labelled KURGHAHYIBB.
  1093 | D:1      | 1093 ||| READING scroll labelled TYMIGR LARUO.
  1094 | D:1      | 1094 ||| DRINKING 2 lumpy sapphire potions.
  1199 | D:1      | 1199 ||| DROPPING potion of berserk rage.
  1299 | D:2      | Reached XP level 3. HP: 31/31 MP: 2/2
  2304 | D:2      | 2304 ||| UPGRADING to +0 chain mail.
  2314 | D:2      | 2314 ||| DROPPING orb of guile.
  2315 | D:2      | 2315 ||| DROPPING +0 ring mail.
  2316 | D:2      | 2316 ||| UPGRADING to +0 plate armour.
  2326 | D:2      | 2326 ||| DROPPING +0 chain mail.
  2327 | D:2      | 2327 ||| UPGRADING to +4 ring of protection.
  2328 | D:2      | 2328 ||| READING scroll labelled ZUC ZEXKOO.
  2329 | D:2      | 2329 ||| READING scroll labelled AJORINNIESY.
  2330 | D:2      | 2330 ||| Stepping randomly (stuck).
  2331 | D:2      | 2331 ||| Stepping ~*~*~tactically~*~*~ (cloud).
  2542 | D:3      | Reached ** piety under Trog
  2564 | D:3      | 2564 ||| SWAPPING to +0 war axe.
  2565 | D:3      | 2565 ||| DROPPING +0 hand axe of electrocution.
  2589 | D:3      | 2589 ||| Stepping ~*~*~tactically~*~*~ (stealth).
  2590 | D:3      | 2590 ||| Stepping ~*~*~tactically~*~*~ (stealth).
  2681 | D:3      | Found a glowing golden altar of the Shining One.
  2682 | D:3      | 2682 ||| Stepping ~*~*~tactically~*~*~ (stealth).
  2685 | D:3      | 2685 ||| Stepping ~*~*~tactically~*~*~ (stealth).
  2702 | D:3      | Reached skill level 6 in Axes
  2702 | D:3      | Reached XP level 4. HP: 36/39 MP: 3/3
  2777 | D:3      | Noticed a scorpion
  2788 | D:3      | 2788 ||| INVOKING Berserk.
  2789 | D:3      | Killed a scorpion
  2790 | D:3      | Reached XP level 5. HP: 22/45 MP: 4/4
  2793 | D:3      | HP: 11/45 [poisoned by a scorpion]
  3216 | D:3      | 3216 ||| Stepping ~*~*~tactically~*~*~ (stealth).
  3220 | D:3      | Noticed Grinder
  3222 | D:3      | 3222 ||| INVOKING Trog's Hand.
  3223 | D:3      | 3223 ||| INVOKING Berserk.
  3229 | D:3      | Killed Grinder
  3230 | D:3      | Reached XP level 6. HP: 51/51 MP: 5/5
  3367 | D:3      | Noticed Terence
  3370 | D:3      | 3370 ||| INVOKING Berserk.
  3372 | D:3      | Killed Terence
  3373 | D:3      | Reached skill level 4 in Fighting
  3487 | D:3      | Noticed Ijyb
  3489 | D:3      | 3489 ||| INVOKING Berserk.
  3494 | D:3      | Killed Ijyb
  3615 | D:3      | 3615 ||| DROPPING +0 club.
  3735 | D:3      | 3735 ||| UPGRADING to +0 buckler.
  3740 | D:3      | 3740 ||| UPGRADING to +0 cloak.
  3745 | D:3      | 3745 ||| DROPPING scarf of harm.
  3746 | D:3      | 3746 ||| READING scroll labelled QOZXUZX LUZUR.
  3747 | D:3      | 3747 ||| READING scroll labelled BYAKLI DOXYPN.
  3748 | D:3      | 3748 ||| READING scroll labelled ETAINEPATI.
  3749 | D:3      | 3749 ||| DRINKING 2 red potions.
  3750 | D:3      | 3750 ||| DRINKING 2 inky potions.
  3751 | D:3      | 3751 ||| DRINKING 2 fuming puce potions.
  3752 | D:3      | 3752 ||| DROPPING potion of brilliance.
  3753 | D:3      | 3753 ||| DROPPING potion of attraction.
  3803 | D:4      | 3803 ||| Stepping ~*~*~tactically~*~*~ (stealth).
  3809 | D:4      | Reached skill level 1 in Shields
  3821 | D:4      | Reached skill level 3 in Shields
  3825 | D:4      | 3825 ||| Stepping ~*~*~tactically~*~*~ (stealth).
  3836 | D:4      | Noticed Natasha
  3838 | D:4      | 3838 ||| INVOKING Berserk.
  3839 | D:4      | Killed Natasha
  3840 | D:4      | Reached XP level 7. HP: 59/59 MP: 6/6
  4003 | D:4      | Noticed Natasha
  4006 | D:4      | 4006 ||| INVOKING Berserk.
  4010 | D:4      | Killed Natasha
  4014 | D:4      | Noticed Natasha
  4020 | D:4      | Killed Natasha
  4021 | D:4      | 4021 ||| FLEEEEING.
  4022 | D:4      | 4022 ||| FLEEEEING.
  4226 | D:4      | Noticed Dowan
  4228 | D:4      | Noticed Duvessa
  4229 | D:4      | 4229 ||| Stepping ~*~*~tactically~*~*~ (stealth).
  4230 | D:4      | 4230 ||| Stepping ~*~*~tactically~*~*~ (hiding).
  4231 | D:4      | 4231 ||| Stepping ~*~*~tactically~*~*~ (hiding).
  4233 | D:4      | 4233 ||| INVOKING Berserk.
  4238 | D:4      | Killed Duvessa
  4246 | D:4      | 4246 ||| Stepping ~*~*~tactically~*~*~ (hiding).
  4248 | D:4      | 4248 ||| Stepping ~*~*~tactically~*~*~ (stealth).
  4251 | D:4      | Killed Dowan
  4252 | D:4      | 4252 ||| Stepping ~*~*~tactically~*~*~ (stealth).
  4467 | D:4      | 4467 ||| READING scroll labelled GEMUASTR MILA.
  4517 | D:4      | 4517 ||| Stepping ~*~*~tactically~*~*~ (stealth).
  4518 | D:4      | 4518 ||| READING 2 scrolls of identify.
  4518 | D:4      | 4518 ||| IDENTIFYING orange potion
  4533 | D:4      | 4533 ||| READING scroll labelled LUBLIEDYMI.
  4677 | D:4      | 4677 ||| DRINKING 2 silvery potions.
  4778 | D:4      | 4778 ||| DROPPING potion of ambrosia.
  4807 | D:5      | Entered Level 5 of the Dungeon
  4822 | D:5      | 4822 ||| STAIRDANCE
  4949 | D:5      | Reached skill level 9 in Axes
  4964 | D:5      | Reached XP level 8. HP: 67/67 MP: 7/7
  4971 | D:5      | Reached skill level 5 in Fighting
  5039 | D:5      | Found a transporter.
  5055 | D:5      | 5055 ||| Stepping ~*~*~tactically~*~*~ (stealth).
  5211 | D:5      | 5211 ||| DROPPING +0 mace.
  5234 | D:5      | 5234 ||| Stepping ~*~*~tactically~*~*~ (hiding).
  5235 | D:5      | 5235 ||| Stepping ~*~*~tactically~*~*~ (hiding).
  5238 | D:5      | 5238 ||| INVOKING Berserk.
  5360 | D:5      | 5360 ||| INVOKING Berserk.
  5488 | D:5      | Found a transporter.
  5498 | D:5      | Noticed qw's ghost (novice GrBe)
  5505 | D:5      | Found a sparkling altar of Nemelex Xobeh.
  5510 | D:5      | Found a sacrificial altar of Ru.
  5511 | D:5      | Found an opulent altar of Gozag.
  5511 | D:5      | Found an iron altar of Okawaru.
  5513 | D:5      | Found a bloodstained altar of Trog.
  5716 | D:5      | 5716 ||| INVOKING Berserk.
  5778 | D:5      | 5778 ||| INVOKING Berserk.
  5781 | D:5      | Reached skill level 6 in Fighting
  5988 | D:5      | Found a one-way gate to the infinite horrors of the Abyss.
  6000 | D:5      | Found a white marble altar of Elyvilon.
  6106 | D:5      | 6106 ||| UPGRADING to +0 pair of boots.
  6179 | D:6      | Noticed Edmund
  6183 | D:6      | 6183 ||| INVOKING Berserk.
  6185 | D:6      | Killed Edmund
  6216 | D:6      | 6216 ||| Stepping ~*~*~tactically~*~*~ (stealth).
  6221 | D:6      | 6221 ||| FLEEEEING.
  6222 | D:6      | 6222 ||| FLEEEEING.
  6223 | D:6      | 6223 ||| FLEEEEING.
  6224 | D:6      | 6224 ||| FLEEEEING.
  6225 | D:6      | 6225 ||| FLEEEEING.
  6226 | D:6      | 6226 ||| FLEEEEING.
  6227 | D:6      | 6227 ||| FLEEEEING.
  6231 | D:6      | 6231 ||| FLEEEEING.
  6237 | D:6      | 6237 ||| Stepping ~*~*~tactically~*~*~ (hiding).
  6240 | D:6      | 6240 ||| Stepping ~*~*~tactically~*~*~ (hiding).
  6241 | D:6      | 6241 ||| Stepping ~*~*~tactically~*~*~ (hiding).
  6270 | D:6      | 6270 ||| DROPPING +2 mace of draining.
  6330 | D:6      | Found a staircase to the Ecumenical Temple.
  6474 | D:6      | 6474 ||| Stepping ~*~*~tactically~*~*~ (hiding).
  6475 | D:6      | 6475 ||| Stepping ~*~*~tactically~*~*~ (hiding).
  7482 | D:6      | 7482 ||| READING scroll labelled NATERPH ERIMULE.
  7632 | D:7      | 7632 ||| INVOKING Berserk.
  7744 | D:7      | 7744 ||| INVOKING Berserk.
  7941 | D:7      | Found Heyserchu's Armour Boutique.
  7955 | D:7      | 7955 ||| Stepping ~*~*~tactically~*~*~ (hiding).
  7956 | D:7      | 7956 ||| Stepping ~*~*~tactically~*~*~ (hiding).
  7960 | D:7      | 7960 ||| Stepping ~*~*~tactically~*~*~ (stealth).
  7968 | D:7      | Reached XP level 9. HP: 67/75 MP: 8/8
  7968 | D:7      | 7968 ||| INVOKING Berserk.
  8314 | D:7      | Reached skill level 12 in Axes
  8426 | D:7      | 8426 ||| READING scroll labelled VIPHEMEMOX.
  8427 | D:7      | 8427 ||| READING scroll labelled BEREAF VAADDI.
  8428 | D:7      | 8428 ||| READING scroll labelled TOECUE ESYLU.
  8429 | D:7      | 8429 ||| READING 2 scrolls of identify.
  8429 | D:7      | 8429 ||| IDENTIFYING amethyst potion
  8430 | D:7      | 8430 ||| DROPPING potion of magic.
  8460 | D:8      | Reached skill level 6 in Armour
  8568 | D:8      | 8568 ||| Stepping ~*~*~tactically~*~*~ (stealth).
  8569 | D:8      | 8569 ||| Stepping ~*~*~tactically~*~*~ (stealth).
  8574 | D:8      | 8574 ||| FLEEEEING.
  8575 | D:8      | 8575 ||| FLEEEEING.
  8576 | D:8      | 8576 ||| FLEEEEING.
  8577 | D:8      | 8577 ||| FLEEEEING.
  8578 | D:8      | 8578 ||| FLEEEEING.
  8579 | D:8      | 8579 ||| FLEEEEING.
  8580 | D:8      | 8580 ||| FLEEEEING.
  8581 | D:8      | 8581 ||| FLEEEEING.
  8582 | D:8      | 8582 ||| FLEEEEING.
  8583 | D:8      | 8583 ||| FLEEEEING.
  8584 | D:8      | 8584 ||| FLEEEEING.
  8585 | D:8      | 8585 ||| FLEEEEING.
  8586 | D:8      | 8586 ||| FLEEEEING.
  8587 | D:8      | 8587 ||| FLEEEEING.
  8588 | D:8      | 8588 ||| FLEEEEING.
  8589 | D:8      | 8589 ||| FLEEEEING.
  8590 | D:8      | 8590 ||| FLEEEEING.
  8591 | D:8      | 8591 ||| FLEEEEING.
  8592 | D:8      | 8592 ||| FLEEEEING.
  8593 | D:8      | 8593 ||| FLEEEEING.
  8594 | D:8      | 8594 ||| FLEEEEING.
  8595 | D:8      | 8595 ||| FLEEEEING.
  8596 | D:8      | 8596 ||| FLEEEEING.
  8597 | D:8      | 8597 ||| FLEEEEING.
  8598 | D:8      | 8598 ||| FLEEEEING.
  8599 | D:8      | 8599 ||| FLEEEEING.
  8600 | D:8      | 8600 ||| FLEEEEING.
  8601 | D:8      | 8601 ||| FLEEEEING.
  8602 | D:8      | 8602 ||| FLEEEEING.
  8603 | D:8      | 8603 ||| STAIRDANCE
  8649 | D:7      | 8649 ||| Stepping ~*~*~tactically~*~*~ (stealth).
  8658 | D:7      | 8658 ||| INVOKING Berserk.
  8752 | D:8      | 8752 ||| STAIRDANCE
  8831 | D:8      | 8831 ||| Stepping ~*~*~tactically~*~*~ (hiding).
  8834 | D:8      | 8834 ||| INVOKING Berserk.
  8837 | D:8      | Reached skill level 7 in Fighting
  8842 | D:8      | 8842 ||| Stepping ~*~*~tactically~*~*~ (cloud).
  9001 | D:8      | 9001 ||| Stepping ~*~*~tactically~*~*~ (hiding).
  9002 | D:8      | 9002 ||| Stepping ~*~*~tactically~*~*~ (hiding).
  9008 | D:8      | 9008 ||| Stepping ~*~*~tactically~*~*~ (stealth).
  9011 | D:8      | 9011 ||| Stepping ~*~*~tactically~*~*~ (stealth).
  9012 | D:8      | 9012 ||| Stepping ~*~*~tactically~*~*~ (stealth).
  9014 | D:8      | 9014 ||| Stepping ~*~*~tactically~*~*~ (stealth).
  9017 | D:8      | 9017 ||| INVOKING Berserk.
  9437 | D:8      | 9437 ||| Stepping ~*~*~tactically~*~*~ (stealth).
  9442 | D:8      | 9442 ||| Stepping ~*~*~tactically~*~*~ (stealth).
  9491 | D:8      | Paralysed by a hornet for 2 turns
  9653 | D:8      | 9653 ||| Stepping ~*~*~tactically~*~*~ (stealth).
  9655 | D:8      | 9655 ||| Stepping ~*~*~tactically~*~*~ (hiding).
  9659 | D:8      | 9659 ||| Stepping ~*~*~tactically~*~*~ (hiding).
  9715 | D:8      | Reached skill level 3 in Throwing
  9853 | D:8      | 9853 ||| DROPPING orb of mayhem.
  9854 | D:8      | 9854 ||| READING scroll labelled BEXTEG MEHUSM.
  9855 | D:8      | 9855 ||| READING 2 scrolls of identify.
  9855 | D:8      | 9855 ||| IDENTIFYING fizzy inky potion
  9928 | D:9      | Found a transporter.
  9929 | D:9      | Found a transporter.
  9934 | D:9      | 9934 ||| READING 3 scrolls of teleportation.
  9943 | D:9      | Found a transporter.
  9945 | D:9      | Found a transporter.
  9946 | D:9      | 9946 ||| READING 2 scrolls of teleportation.
  9952 | D:9      | Noticed a two-headed ogre
  9959 | D:9      | 9959 ||| INVOKING Berserk.
  9961 | D:9      | Killed a two-headed ogre
  9962 | D:9      | Reached skill level 6 in Shields
  9962 | D:9      | Reached XP level 10. HP: 86/86 MP: 9/9
 10029 | D:9      | Reached *** piety under Trog
 10030 | D:9      | Reached skill level 8 in Fighting
 10092 | D:9      | 10092 ||| Stepping ~*~*~tactically~*~*~ (stealth).
 10147 | D:9      | 10147 ||| Stepping ~*~*~tactically~*~*~ (stealth).
 10148 | D:9      | 10148 ||| INVOKING Berserk.
 10215 | D:9      | 10215 ||| Stepping ~*~*~tactically~*~*~ (stealth).
 10221 | D:9      | 10221 ||| Stepping ~*~*~tactically~*~*~ (stealth).
 10381 | D:9      | 10381 ||| Stepping ~*~*~tactically~*~*~ (stealth).
 10388 | D:9      | Noticed a deep elf pyromancer
 10389 | D:9      | 10389 ||| Stepping ~*~*~tactically~*~*~ (stealth).
 10398 | D:9      | Killed a deep elf pyromancer
 10437 | D:9      | 10437 ||| Stepping ~*~*~tactically~*~*~ (stealth).
 10477 | D:9      | Reached skill level 3 in Dodging
 10629 | D:9      | 10629 ||| Stepping ~*~*~tactically~*~*~ (stealth).
 10630 | D:9      | 10630 ||| Stepping ~*~*~tactically~*~*~ (stealth).
 10631 | D:9      | 10631 ||| Stepping ~*~*~tactically~*~*~ (stealth).
 10639 | D:9      | 10639 ||| INVOKING Berserk.
 10644 | D:9      | Reached skill level 15 in Axes
 11132 | D:9      | 11132 ||| DRINKING 2 ruby potions.
 11133 | D:9      | 11133 ||| DROPPING potion of invisibility.
 11140 | D:10     | Entered Level 10 of the Dungeon
 11158 | D:10     | 11158 ||| INVOKING Berserk.
 11166 | D:10     | Reached skill level 9 in Fighting
 11314 | D:10     | Noticed Joseph
 11326 | D:10     | Killed Joseph
 11367 | D:10     | 11367 ||| Stepping ~*~*~tactically~*~*~ (stealth).
 11368 | D:10     | 11368 ||| Stepping ~*~*~tactically~*~*~ (stealth).
 11376 | D:10     | Reached XP level 11. HP: 85/97 MP: 10/10
 11381 | D:10     | Reached **** piety under Trog
 11511 | D:10     | 11511 ||| Stepping ~*~*~tactically~*~*~ (stealth).
 11521 | D:10     | 11521 ||| INVOKING Berserk.
 11642 | D:10     | 11642 ||| Stepping ~*~*~tactically~*~*~ (stealth).
 11663 | D:10     | 11663 ||| INVOKING Berserk.
 11964 | D:10     | Found a burning altar of Makhleb.
 11984 | D:10     | Noticed Grum
 11985 | D:10     | 11985 ||| Stepping ~*~*~tactically~*~*~ (hiding).
 11991 | D:10     | 11991 ||| INVOKING Berserk.
 11996 | D:10     | Killed Grum
 12525 | D:10     | 12525 ||| DROPPING amulet of faith.
 12526 | D:10     | 12526 ||| UPGRADING to ring of protection from fire.
 12527 | D:10     | 12527 ||| UPGRADING to ring of poison resistance.
 12529 | D:10     | 12529 ||| UPGRADING to +4 ring of protection.
 12547 | D:11     | Found Pikuhue's General Store.
 12620 | D:11     | Found a staircase to the Orcish Mines.
 12696 | D:11     | You fall into a shaft and drop 3 floors!
 12702 | D:12     | Found Sellyc's Elemental Accessories.
 12716 | D:11     | Reached skill level 10 in Fighting
 12722 | D:11     | 12722 ||| INVOKING Berserk.
 12802 | D:11     | Reached skill level 9 in Armour
 12944 | D:11     | Found a staircase to the Lair.
 13229 | D:11     | 13229 ||| BUYING scroll of identify (28 gold).
 13229 | D:11     | Bought a scroll of identify for 28 gold pieces
 13351 | D:11     | Found a broken altar of Ashenzari.
 13354 | D:11     | Noticed Josephine
 13370 | D:11     | 13370 ||| INVOKING Berserk.
 13374 | D:11     | Killed Josephine
 13737 | D:11     | 13737 ||| Stepping ~*~*~tactically~*~*~ (stealth).
 14054 | D:11     | 14054 ||| PLANNING LAIR
 14054 | D:11     | 14054 ||| READING scroll labelled SASIJA PIXOHO.
 14055 | D:11     | 14055 ||| READING 2 scrolls of identify.
 14055 | D:11     | 14055 ||| IDENTIFYING pink potion
 14056 | D:11     | 14056 ||| DROPPING potion of degeneration.
 14137 | Lair:1   | Entered Level 1 of the Lair of Beasts
 14207 | Lair:1   | 14207 ||| Stepping ~*~*~tactically~*~*~ (stealth).
 14405 | Lair:1   | 14405 ||| INVOKING Berserk.
 14989 | Lair:1   | 14989 ||| Stepping ~*~*~tactically~*~*~ (stealth).
 14991 | Lair:1   | 14991 ||| Stepping ~*~*~tactically~*~*~ (hiding).
 15004 | Lair:1   | Reached skill level 11 in Fighting
 15431 | Lair:1   | 15431 ||| DROPPING orb of wrath.
 15432 | Lair:1   | 15432 ||| DROPPING ring of magical power.
 15632 | Lair:2   | Found a bloodstained altar of Trog.
 15653 | Lair:2   | 15653 ||| INVOKING Berserk.
 15831 | Lair:2   | 15831 ||| INVOKING Berserk.
 16048 | Lair:2   | Noticed a lindwurm
 16061 | Lair:2   | Found a staircase to the Snake Pit.
 16178 | Lair:2   | 16178 ||| Stepping ~*~*~tactically~*~*~ (stealth).
 16195 | Lair:2   | Reached XP level 12. HP: 95/110 MP: 11/11
 16461 | Lair:2   | 16461 ||| FLEEEEING.
 16462 | Lair:2   | 16462 ||| FLEEEEING.
 16465 | Lair:2   | 16465 ||| FLEEEEING.
 16466 | Lair:2   | 16466 ||| FLEEEEING.
 16467 | Lair:2   | 16467 ||| FLEEEEING.
 16468 | Lair:2   | 16468 ||| FLEEEEING.
 16469 | Lair:2   | 16469 ||| FLEEEEING.
 16470 | Lair:2   | 16470 ||| FLEEEEING.
 16471 | Lair:2   | 16471 ||| FLEEEEING.
 16473 | Lair:2   | 16473 ||| FLEEEEING.
 16475 | Lair:2   | 16475 ||| FLEEEEING.
 16578 | Lair:2   | 16578 ||| FLEEEEING.
 16579 | Lair:2   | 16579 ||| FLEEEEING.
 16580 | Lair:2   | 16580 ||| FLEEEEING.
 16581 | Lair:2   | 16581 ||| FLEEEEING.
 16582 | Lair:2   | 16582 ||| FLEEEEING.
 16754 | Lair:2   | 16754 ||| UPGRADING to amulet of guardian spirit.
 16781 | Lair:2   | 16781 ||| FLEEEEING.
 16782 | Lair:2   | 16782 ||| FLEEEEING.
 16784 | Lair:2   | 16784 ||| FLEEEEING.
 16789 | Lair:2   | 16789 ||| FLEEEEING.
 17017 | Lair:2   | 17017 ||| READING scroll labelled KARCHE ATOZI.
 17020 | Lair:2   | 17020 ||| FLEEEEING.
 17021 | Lair:2   | 17021 ||| FLEEEEING.
 17023 | Lair:2   | 17023 ||| FLEEEEING.
 17024 | Lair:2   | 17024 ||| FLEEEEING.
 17024 | Lair:2   | HP: 14/110 [lindwurm/blast of flame (19)]
 17025 | Lair:2   | 17025 ||| FLEEEEING.
 17026 | Lair:2   | 17026 ||| FLEEEEING.
 17027 | Lair:2   | 17027 ||| FLEEEEING.
 17028 | Lair:2   | 17028 ||| FLEEEEING.
 17029 | Lair:2   | 17029 ||| FLEEEEING.
 17030 | Lair:2   | 17030 ||| FLEEEEING.
 17031 | Lair:2   | 17031 ||| FLEEEEING.
 17032 | Lair:2   | 17032 ||| FLEEEEING.
 17033 | Lair:2   | 17033 ||| FLEEEEING.
 17035 | Lair:2   | 17035 ||| FLEEEEING.
 17037 | Lair:2   | 17037 ||| FLEEEEING.
 17038 | Lair:2   | 17038 ||| FLEEEEING.
 17040 | Lair:2   | 17040 ||| FLEEEEING.
 17041 | Lair:2   | 17041 ||| FLEEEEING.
 17372 | Lair:2   | 17372 ||| READING 6 scrolls of identify.
 17372 | Lair:2   | 17372 ||| IDENTIFYING bubbling sapphire potion
 17390 | Lair:3   | Noticed a seven-headed hydra
 17392 | Lair:3   | 17392 ||| SWAPPING to +1 flail of protection.
 17394 | Lair:3   | 17394 ||| INVOKING Berserk.
 17397 | Lair:3   | Killed a seven-headed hydra
 17399 | Lair:3   | Found a staircase to the Swamp.
 17410 | Lair:3   | 17410 ||| SWAPPING to +1 war axe.
 17661 | Lair:3   | 17661 ||| Stepping ~*~*~tactically~*~*~ (stealth).
 17662 | Lair:3   | 17662 ||| Stepping ~*~*~tactically~*~*~ (stealth).
 17966 | Lair:3   | Reached skill level 12 in Fighting
 18139 | Lair:3   | 18139 ||| Stepping ~*~*~tactically~*~*~ (hiding).
 18140 | Lair:3   | 18140 ||| Stepping ~*~*~tactically~*~*~ (hiding).
 18146 | Lair:3   | 18146 ||| DRINKING potion of cancellation.
 18492 | Lair:3   | 18492 ||| DRINKING 2 puce potions.
 18673 | Lair:4   | Found a frozen archway.
 18712 | Lair:4   | 18712 ||| Stepping ~*~*~tactically~*~*~ (stealth).
 18713 | Lair:4   | 18713 ||| Stepping ~*~*~tactically~*~*~ (stealth).
 18714 | Lair:4   | 18714 ||| Stepping ~*~*~tactically~*~*~ (stealth).
 18717 | Lair:4   | 18717 ||| Stepping ~*~*~tactically~*~*~ (stealth).
 18720 | Lair:4   | 18720 ||| Stepping ~*~*~tactically~*~*~ (stealth).
 18820 | Lair:4   | Found a runed translucent door.
 18821 | Lair:4   | Found a viscous altar of Jiyva.
 18822 | Lair:4   | Found a staircase to the Slime Pits.
 18893 | Lair:4   | 18893 ||| Stepping ~*~*~tactically~*~*~ (stealth).
 18900 | Lair:4   | Identified the +3 war axe of Valuable Assets {vamp, rPois
                  | rF+ rN++ Stlth-}
 18902 | Lair:4   | 18902 ||| SWAPPING to +3 war axe of Valuable Assets {vamp,
                  | rPois rF+ rN++ Stlth-}.
 18903 | Lair:4   | 18903 ||| REMOVING ring of poison resistance.
 18904 | Lair:4   | 18904 ||| DROPPING +1 war axe.
 18910 | Lair:4   | Noticed Rupert
 18911 | Lair:4   | 18911 ||| INVOKING Trog's Hand.
 18912 | Lair:4   | 18912 ||| Stepping ~*~*~tactically~*~*~ (stealth).
 18916 | Lair:4   | 18916 ||| INVOKING Berserk.
 18928 | Lair:4   | Killed Rupert
 19084 | Lair:4   | Reached skill level 13 in Fighting
 19538 | Lair:4   | 19538 ||| UPGRADING to ring of protection from fire.
 19539 | Lair:4   | 19539 ||| UPGRADING to +6 ring of strength.
 19541 | Lair:4   | 19541 ||| DRINKING 4 fuming clear potions.
 19542 | Lair:4   | 19542 ||| READING 8 scrolls of identify.
 19542 | Lair:4   | 19542 ||| IDENTIFYING emerald potion
 19543 | Lair:4   | 19543 ||| DROPPING potion of flight.
 19552 | Lair:5   | Entered Level 5 of the Lair of Beasts
 19593 | Lair:5   | 19593 ||| Stepping ~*~*~tactically~*~*~ (stealth).
 19691 | Lair:5   | Noticed a catoblepas
 19695 | Lair:5   | 19695 ||| INVOKING Berserk.
 19705 | Lair:5   | Killed a catoblepas
 19706 | Lair:5   | Reached skill level 12 in Armour
 19721 | Lair:5   | Reached skill level 6 in Dodging
 19725 | Lair:5   | Reached XP level 13. HP: 122/122 MP: 10/12
 19880 | Lair:5   | 19880 ||| INVOKING Berserk.
 19883 | Lair:5   | Reached skill level 9 in Shields
 20044 | Lair:5   | 20044 ||| Stepping ~*~*~tactically~*~*~ (stealth).
 20060 | Lair:5   | Reached skill level 6 in Throwing
 20124 | Lair:5   | 20124 ||| FLEEEEING.
 20125 | Lair:5   | 20125 ||| FLEEEEING.
 20134 | Lair:5   | 20134 ||| INVOKING Berserk.
 20162 | Lair:5   | 20162 ||| FLEEEEING.
 20244 | Lair:5   | 20244 ||| INVOKING Berserk.
 20368 | Lair:5   | 20368 ||| READING scroll of enchant armour.
 20368 | Lair:5   | 20368 ||| ENCHANTING +0 pair of boots.
 20440 | Lair:5   | 20440 ||| INVOKING Berserk.
 20643 | Lair:5   | Reached skill level 14 in Fighting
 20696 | Lair:5   | 20696 ||| Stepping ~*~*~tactically~*~*~ (hiding).
 20698 | Lair:5   | Noticed a dire elephant
 20700 | Lair:5   | 20700 ||| INVOKING Berserk.
 20714 | Lair:5   | Killed a dire elephant
 20847 | Lair:5   | 20847 ||| Stepping ~*~*~tactically~*~*~ (hiding).
 20850 | Lair:5   | 20850 ||| INVOKING Berserk.
 20851 | Lair:5   | Noticed a dire elephant
 20866 | Lair:5   | Killed a dire elephant
 21318 | Lair:5   | 21318 ||| PLANNING D
 21521 | D:12     | 21521 ||| INVOKING Berserk.
 21542 | D:12     | Reached skill level 15 in Fighting
 21790 | D:12     | 21790 ||| INVOKING Berserk.
 22023 | D:12     | 22023 ||| Stepping ~*~*~tactically~*~*~ (stealth).
 22184 | D:12     | Found Jath's Weapon Emporium.
 22187 | D:12     | 22187 ||| INVOKING Brothers in Arms.
 22188 | D:12     | 22188 ||| INVOKING Brothers in Arms.
 22190 | D:12     | 22190 ||| SWAPPING to +1 flail of protection.
 22191 | D:12     | 22191 ||| INVOKING Berserk.
 22198 | D:12     | 22198 ||| SWAPPING to +3 war axe of Valuable Assets {vamp,
                  | rPois rF+ rN++ Stlth-}.
 22215 | D:12     | 22215 ||| FLEEEEING.
 22216 | D:12     | 22216 ||| FLEEEEING.
 22217 | D:12     | 22217 ||| FLEEEEING.
 22218 | D:12     | 22218 ||| FLEEEEING.
 22219 | D:12     | 22219 ||| FLEEEEING.
 22358 | D:12     | 22358 ||| DROPPING +1 flail of protection.
 22394 | D:12     | 22394 ||| INVOKING Berserk.
 22508 | D:12     | 22508 ||| FLEEEEING.
 22509 | D:12     | 22509 ||| FLEEEEING.
 22512 | D:12     | 22512 ||| FLEEEEING.
 22513 | D:12     | 22513 ||| FLEEEEING.
 22514 | D:12     | 22514 ||| FLEEEEING.
 22515 | D:12     | 22515 ||| FLEEEEING.
 22517 | D:12     | 22517 ||| FLEEEEING.
 22518 | D:12     | 22518 ||| FLEEEEING.
 22519 | D:12     | 22519 ||| FLEEEEING.
 22520 | D:12     | 22520 ||| FLEEEEING.
 22521 | D:12     | 22521 ||| FLEEEEING.
 22523 | D:12     | 22523 ||| FLEEEEING.
 22525 | D:12     | 22525 ||| FLEEEEING.
 22527 | D:12     | 22527 ||| FLEEEEING.
 22528 | D:12     | 22528 ||| FLEEEEING.
 22529 | D:12     | 22529 ||| FLEEEEING.
 22530 | D:12     | 22530 ||| FLEEEEING.
 22531 | D:12     | 22531 ||| FLEEEEING.
 22532 | D:12     | 22532 ||| FLEEEEING.
 22533 | D:12     | 22533 ||| FLEEEEING.
 22534 | D:12     | 22534 ||| FLEEEEING.
 22747 | D:12     | 22747 ||| FLEEEEING.
 22748 | D:12     | 22748 ||| FLEEEEING.
 22749 | D:12     | 22749 ||| FLEEEEING.
 22912 | D:12     | 22912 ||| FLEEEEING.
 22913 | D:12     | 22913 ||| FLEEEEING.
 22914 | D:12     | 22914 ||| FLEEEEING.
 22915 | D:12     | 22915 ||| FLEEEEING.
 22920 | D:12     | 22920 ||| FLEEEEING.
 22921 | D:12     | 22921 ||| FLEEEEING.
 22922 | D:12     | 22922 ||| FLEEEEING.
 22923 | D:12     | 22923 ||| FLEEEEING.
 23102 | D:12     | 23102 ||| READING 7 scrolls of teleportation.
 23125 | D:13     | 23125 ||| Stepping ~*~*~tactically~*~*~ (hiding).
 23170 | D:13     | 23170 ||| Stepping ~*~*~tactically~*~*~ (stealth).
 23171 | D:13     | 23171 ||| Stepping ~*~*~tactically~*~*~ (stealth).
 23180 | D:13     | Noticed a fire dragon
 23185 | D:13     | 23185 ||| INVOKING Berserk.
 23196 | D:13     | Killed a fire dragon
 23202 | D:13     | Reached XP level 14. HP: 123/136 MP: 9/13
 23206 | D:13     | 23206 ||| Stepping ~*~*~tactically~*~*~ (hiding).
 23224 | D:13     | Reached skill level 16 in Fighting
 23229 | D:13     | 23229 ||| INVOKING Berserk.
 23397 | D:13     | Identified the ring of Brilliance {rPois rN+ Int+3}
 23526 | D:13     | Identified the ring "Ruf Mic" {Wiz rCorr Int+2 Slay+3}
 23559 | D:13     | 23559 ||| Stepping ~*~*~tactically~*~*~ (hiding).
 23560 | D:13     | 23560 ||| Stepping ~*~*~tactically~*~*~ (hiding).
 23699 | D:13     | 23699 ||| Stepping ~*~*~tactically~*~*~ (hiding).
 23701 | D:13     | 23701 ||| Stepping ~*~*~tactically~*~*~ (hiding).
 23722 | D:13     | 23722 ||| INVOKING Berserk.
 23872 | D:13     | 23872 ||| Stepping ~*~*~tactically~*~*~ (stealth).
 23885 | D:13     | Reached skill level 9 in Throwing
 23923 | D:13     | 23923 ||| Stepping ~*~*~tactically~*~*~ (stealth).
 23926 | D:13     | 23926 ||| Stepping ~*~*~tactically~*~*~ (stealth).
 23928 | D:13     | 23928 ||| Stepping ~*~*~tactically~*~*~ (hiding).
 23933 | D:13     | 23933 ||| INVOKING Brothers in Arms.
 23934 | D:13     | 23934 ||| INVOKING Brothers in Arms.
 23935 | D:13     | 23935 ||| SWAPPING to +0 morningstar.
 23936 | D:13     | 23936 ||| INVOKING Berserk.
 23952 | D:13     | 23952 ||| SWAPPING to +3 war axe of Valuable Assets {vamp,
                  | rPois rF+ rN++ Stlth-}.
 23967 | D:13     | HP: 26/137 [??? (13)]
 23968 | D:13     | 23968 ||| READING 7 scrolls of teleportation.
 23969 | D:13     | 23969 ||| DRINKING 3 potions of heal wounds.
 24307 | D:13     | 24307 ||| INVOKING Brothers in Arms.
 24308 | D:13     | 24308 ||| INVOKING Brothers in Arms.
 24309 | D:13     | 24309 ||| INVOKING Brothers in Arms.
 24310 | D:13     | 24310 ||| INVOKING Brothers in Arms.
 24311 | D:13     | 24311 ||| INVOKING Brothers in Arms.
 24312 | D:13     | 24312 ||| SWAPPING to +0 morningstar.
 24313 | D:13     | 24313 ||| INVOKING Berserk.
 24328 | D:13     | 24328 ||| SWAPPING to +3 war axe of Valuable Assets {vamp,
                  | rPois rF+ rN++ Stlth-}.
 24516 | D:13     | 24516 ||| Stepping ~*~*~tactically~*~*~ (stealth).
 24538 | D:13     | 24538 ||| Stepping ~*~*~tactically~*~*~ (stealth).
 24539 | D:13     | 24539 ||| Stepping ~*~*~tactically~*~*~ (stealth).
 24550 | D:13     | 24550 ||| INVOKING Berserk.
 24684 | D:13     | 24684 ||| Stepping ~*~*~tactically~*~*~ (stealth).
 24688 | D:13     | 24688 ||| INVOKING Berserk.
 24693 | D:13     | Identified the +2 ring mail "Kaxzarch" {Rampage rElec rPois
                  | MP+9}
 24704 | D:13     | 24704 ||| DRINKING potion of cancellation.
 24705 | D:13     | 24705 ||| Stepping ~*~*~tactically~*~*~ (cloud).
 24706 | D:13     | 24706 ||| SWAPPING to +0 morningstar.
 24707 | D:13     | 24707 ||| Stepping ~*~*~tactically~*~*~ (outnumbered).
 24711 | D:13     | HP: 33/138 [ten-headed hydra (2)]
 24712 | D:13     | 24712 ||| READING 6 scrolls of teleportation.
 24713 | D:13     | 24713 ||| DRINKING 2 potions of heal wounds.
 24714 | D:13     | 24714 ||| Stepping ~*~*~tactically~*~*~ (cloud).
 24722 | D:13     | 24722 ||| SWAPPING to +3 war axe of Valuable Assets {vamp,
                  | rPois rF+ rN++ Stlth-}.
 25108 | D:13     | 25108 ||| Stepping ~*~*~tactically~*~*~ (stealth).
 25110 | D:13     | 25110 ||| Stepping ~*~*~tactically~*~*~ (hiding).
 25232 | D:13     | 25232 ||| Stepping ~*~*~tactically~*~*~ (hiding).
 25247 | D:13     | 25247 ||| INVOKING Berserk.
 25295 | D:13     | 25295 ||| FLEEEEING.
 25296 | D:13     | 25296 ||| FLEEEEING.
 25297 | D:13     | 25297 ||| FLEEEEING.
 25298 | D:13     | 25298 ||| FLEEEEING.
 25300 | D:13     | 25300 ||| FLEEEEING.
 25301 | D:13     | 25301 ||| FLEEEEING.
 25302 | D:13     | 25302 ||| FLEEEEING.
 25307 | D:13     | 25307 ||| FLEEEEING.
 25312 | D:13     | 25312 ||| FLEEEEING.
 25313 | D:13     | 25313 ||| FLEEEEING.
 25314 | D:13     | 25314 ||| FLEEEEING.
 25315 | D:13     | 25315 ||| FLEEEEING.
 25316 | D:13     | 25316 ||| FLEEEEING.
 25317 | D:13     | 25317 ||| FLEEEEING.
 25318 | D:13     | 25318 ||| FLEEEEING.
 25319 | D:13     | 25319 ||| FLEEEEING.
 25320 | D:13     | 25320 ||| FLEEEEING.
 25321 | D:13     | 25321 ||| FLEEEEING.
 25322 | D:13     | 25322 ||| FLEEEEING.
 25323 | D:13     | 25323 ||| STAIRDANCE
 25429 | D:12     | 25429 ||| UPGRADING to ring "Ruf Mic" {Wiz rCorr Int+2
                  | Slay+3}.
 25433 | D:13     | 25433 ||| SWAPPING to +0 morningstar.
 25434 | D:13     | 25434 ||| INVOKING Berserk.
 25441 | D:13     | 25441 ||| STAIRDANCE
 25456 | D:12     | 25456 ||| SWAPPING to +3 war axe of Valuable Assets {vamp,
                  | rPois rF+ rN++ Stlth-}.
 25636 | D:13     | 25636 ||| INVOKING Berserk.
 25804 | D:13     | 25804 ||| DROPPING +1 chain mail of poison resistance.
 25805 | D:13     | 25805 ||| UPGRADING to +3 plate armour of fire resistance.
 25815 | D:13     | 25815 ||| DROPPING +0 plate armour.
 25934 | D:14     | 25934 ||| Stepping ~*~*~tactically~*~*~ (hiding).
 25939 | D:14     | 25939 ||| INVOKING Berserk.
 25970 | D:14     | Reached skill level 15 in Armour
 25987 | D:14     | Reached skill level 17 in Fighting
 25998 | D:14     | 25998 ||| FLEEEEING.
 26006 | D:14     | 26006 ||| INVOKING Berserk.
 26350 | D:14     | 26350 ||| Stepping ~*~*~tactically~*~*~ (stealth).
 26354 | D:14     | 26354 ||| Stepping ~*~*~tactically~*~*~ (stealth).
 26357 | D:14     | 26357 ||| Stepping ~*~*~tactically~*~*~ (stealth).
 26364 | D:14     | 26364 ||| INVOKING Berserk.
 26386 | D:14     | 26386 ||| Stepping ~*~*~tactically~*~*~ (stealth).
 26438 | D:14     | 26438 ||| Stepping ~*~*~tactically~*~*~ (stealth).
 26448 | D:14     | 26448 ||| INVOKING Berserk.
 26658 | D:14     | 26658 ||| Stepping ~*~*~tactically~*~*~ (stealth).
 26658 | D:14     | Found a gate to the Vaults.
 26659 | D:14     | 26659 ||| Stepping ~*~*~tactically~*~*~ (stealth).
 26671 | D:14     | Reached XP level 15. HP: 145/147 MP: 11/14
 26858 | D:14     | 26858 ||| INVOKING Berserk.
 27036 | D:14     | Identified the +1 pair of boots of the Jackalope {rElec
                  | rPois rC-}
 27071 | D:14     | Reached skill level 18 in Fighting
 27606 | D:14     | 27606 ||| UPGRADING to +0 kite shield.
 27616 | D:14     | 27616 ||| DROPPING +0 buckler.
 27617 | D:14     | 27617 ||| DROPPING amulet of magic regeneration.
 27618 | D:14     | 27618 ||| READING scroll labelled RADARA NEEM.
 27659 | D:15     | Entered Level 15 of the Dungeon
 27660 | D:15     | 27660 ||| INVOKING Berserk.
 27809 | D:15     | 27809 ||| INVOKING Berserk.
 27966 | D:15     | 27966 ||| Stepping ~*~*~tactically~*~*~ (stealth).
 28046 | D:15     | 28046 ||| INVOKING Trog's Hand.
 28059 | D:15     | Reached skill level 12 in Shields
 28215 | D:15     | Found a radiant altar of Vehumet.
 28222 | D:15     | 28222 ||| Stepping ~*~*~tactically~*~*~ (stealth).
 28525 | D:15     | 28525 ||| Stepping ~*~*~tactically~*~*~ (stealth).
 28527 | D:15     | 28527 ||| Stepping ~*~*~tactically~*~*~ (stealth).
 28561 | D:15     | 28561 ||| Stepping ~*~*~tactically~*~*~ (stealth).
 28564 | D:15     | Reached ***** piety under Trog
 28570 | D:15     | 28570 ||| INVOKING Berserk.
 28713 | D:15     | Found a transporter.
 28715 | D:15     | Noticed Jiecrehi's ghost (journeyman DDFi)
 28787 | D:15     | 28787 ||| Stepping ~*~*~tactically~*~*~ (hiding).
 28792 | D:15     | 28792 ||| INVOKING Berserk.
 28913 | D:15     | Found a staircase to the Depths.
 29006 | D:15     | Found a transporter.
 29300 | D:15     | 29300 ||| PLANNING ORC
 29422 | Orc:1    | Entered Level 1 of the Orcish Mines
 29467 | Orc:1    | 29467 ||| DROPPING +0 morningstar.
 29472 | Orc:1    | Found a burning altar of Makhleb.
 29564 | Orc:1    | 29564 ||| Stepping ~*~*~tactically~*~*~ (stealth).
 29567 | Orc:1    | 29567 ||| Stepping ~*~*~tactically~*~*~ (stealth).
 29571 | Orc:1    | 29571 ||| Stepping ~*~*~tactically~*~*~ (hiding).
 29578 | Orc:1    | 29578 ||| Stepping ~*~*~tactically~*~*~ (stealth).
 29590 | Orc:1    | 29590 ||| Stepping ~*~*~tactically~*~*~ (stealth).
 29608 | Orc:1    | 29608 ||| Stepping ~*~*~tactically~*~*~ (stealth).
 29609 | Orc:1    | 29609 ||| Stepping ~*~*~tactically~*~*~ (stealth).
 29615 | Orc:1    | 29615 ||| Stepping ~*~*~tactically~*~*~ (stealth).
 29618 | Orc:1    | 29618 ||| Stepping ~*~*~tactically~*~*~ (stealth).
 29626 | Orc:1    | 29626 ||| Stepping ~*~*~tactically~*~*~ (stealth).
 29632 | Orc:1    | Noticed an orc warlord
 29633 | Orc:1    | 29633 ||| INVOKING Brothers in Arms.
 29636 | Orc:1    | 29636 ||| INVOKING Berserk.
 29645 | Orc:1    | Killed an orc warlord
 29795 | Orc:1    | 29795 ||| DROPPING +2 morningstar of venom.
 29871 | Orc:2    | Entered Level 2 of the Orcish Mines
 29884 | Orc:2    | 29884 ||| FLEEEEING.
 29885 | Orc:2    | 29885 ||| FLEEEEING.
 29886 | Orc:2    | 29886 ||| FLEEEEING.
 29887 | Orc:2    | 29887 ||| FLEEEEING.
 29888 | Orc:2    | 29888 ||| STAIRDANCE
 30022 | Orc:2    | Found a staircase to the Elven Halls.
 30077 | Orc:2    | Found Qeyq's Magic Scroll Boutique.
 30081 | Orc:2    | 30081 ||| INVOKING Berserk.
 30090 | Orc:2    | Found Yjadwymo's Magic Scroll Shop.
 30108 | Orc:2    | Received a gift from Trog
 30174 | Orc:2    | 30174 ||| Stepping ~*~*~tactically~*~*~ (hiding).
 30177 | Orc:2    | 30177 ||| Stepping ~*~*~tactically~*~*~ (hiding).
 30178 | Orc:2    | 30178 ||| Stepping ~*~*~tactically~*~*~ (hiding).
 30207 | Orc:2    | 30207 ||| Stepping ~*~*~tactically~*~*~ (stealth).
 30209 | Orc:2    | 30209 ||| Stepping ~*~*~tactically~*~*~ (hiding).
 30213 | Orc:2    | 30213 ||| INVOKING Berserk.
 30268 | Orc:2    | 30268 ||| INVOKING Trog's Hand.
 30269 | Orc:2    | 30269 ||| INVOKING Brothers in Arms.
 30289 | Orc:2    | 30289 ||| INVOKING Brothers in Arms.
 30292 | Orc:2    | 30292 ||| INVOKING Berserk.
 30294 | Orc:2    | Reached skill level 15 in Shields
 30311 | Orc:2    | 30311 ||| INVOKING Trog's Hand.
 30337 | Orc:2    | 30337 ||| Stepping ~*~*~tactically~*~*~ (stealth).
 30339 | Orc:2    | 30339 ||| INVOKING Trog's Hand.
 30340 | Orc:2    | 30340 ||| INVOKING Berserk.
 30461 | Orc:2    | 30461 ||| DROPPING +0 hand axe of flaming.
 30491 | Orc:2    | 30491 ||| Stepping ~*~*~tactically~*~*~ (stealth).
 30497 | Orc:2    | 30497 ||| Stepping ~*~*~tactically~*~*~ (hiding).
 30507 | Orc:2    | 30507 ||| Stepping ~*~*~tactically~*~*~ (hiding).
 30543 | Orc:2    | Found Teyfish's General Store.
 30550 | Orc:2    | 30550 ||| INVOKING Berserk.
 30554 | Orc:2    | Found Qughogh's Specific Store.
 30569 | Orc:2    | 30569 ||| DRINKING 13 potions of curing.
 30569 | Orc:2    | 30569 ||| (to cure confusion)
 30621 | Orc:2    | 30621 ||| BUYING +1 vampiric broad axe (247 gold).
 30621 | Orc:2    | Bought a +1 vampiric broad axe for 247 gold pieces
 30621 | Orc:2    | 30621 ||| BUYING 2 scrolls of teleportation (78 gold).
 30621 | Orc:2    | Bought 2 scrolls of teleportation for 78 gold pieces
 30621 | Orc:2    | 30621 ||| BUYING potion of heal wounds (65 gold).
 30621 | Orc:2    | Bought a potion of heal wounds for 65 gold pieces
 30792 | Orc:2    | Found Golel's Antique Armour Shoppe.
 30792 | Orc:2    | Found Gedyril's Book Emporium.
 30793 | Orc:2    | Found a one-way gate leading to the halls of Pandemonium.
 30795 | Orc:2    | 30795 ||| BUYING pair of gloves (144 gold).
 30795 | Orc:2    | Bought a pair of gloves for 144 gold pieces
 30853 | Orc:2    | Found a gateway to a bazaar.
 30854 | Orc:2    | 30854 ||| PLANNING BAZAAR
 30854 | Orc:2    | 30854 ||| UPGRADING to +0 pair of gloves.
 31158 | Orc:2    | 31158 ||| READING 8 scrolls of teleportation.
 31171 | Orc:2    | 31171 ||| READING 7 scrolls of teleportation.
 31204 | Orc:2    | 31204 ||| READING 6 scrolls of teleportation.
 31234 | Orc:2    | 31234 ||| READING 5 scrolls of teleportation.
 31275 | Orc:2    | 31275 ||| READING 4 scrolls of teleportation.
 31280 | Orc:2    | 31280 ||| READING 3 scrolls of teleportation.
 31344 | Orc:2    | 31344 ||| READING 2 scrolls of teleportation.
 31349 | Orc:2    | 31349 ||| READING scroll of teleportation.
 31411 | Orc:2    | 31411 ||| Stepping randomly (stuck).
 31412 | Orc:2    | 31412 ||| Stepping randomly (stuck).
 31413 | Orc:2    | 31413 ||| Stepping randomly (cloudy).
 31535 | Orc:2    | HP: 37/149 [something (3)]
 31545 | Orc:2    | HP: 32/149 [something (9)]
 31576 | Orc:2    | HP: 17/149 [something (23)]
 31577 | Orc:2    | HP: 8/149 [something (10)]
 31587 | Orc:2    | HP: 1/149 [something (9)]
 31589 | Orc:2    | Engulfed by a cloud of freezing vapour

Levels and vault maps discovered:
D:1:      matt_arrival_los_fun, layout_basic, reono_crystal_passage,
          serial_bayou_crossing
D:2:      layout_basic, serial_forest, infiniplex_forest_straight_4,
          infiniplex_forest_lined_room_2, infiniplex_forest_straight_1,
          infiniplex_forest_clump_large, infiniplex_forest_clump_curved,
          infiniplex_forest_end_2, infiniplex_forest_straight_1
D:3:      layout_loops_ring, nicolae_tso_besieged_by_evil, uniq_terence,
          uniq_grinder, uniq_ijyb
D:4:      layout_rooms, uniq_duvessa, uniq_natasha
D:5:      layout_loops_ring, elyvilon_altar_3, grunt_temple_overflow_open,
          gammafunk_ghost_abyssal_escape, grunt_ministairs_10
D:6:      layout_layer_cave, minmay_temple_entry_sparse_star, uniq_edmund
D:7:      layout_basic, serial_shops, nicolae_shop_advertising_works
          [nicolae_subvault_shop_adworks], chequers_serial_rivers_micro_c
D:8:      layout_loops_ring, kennysheep_dice
D:9:      layout_cross, nicolae_diode_quadrants
D:10:     layout_cave_pods, mainiacjoe_overflow_boulevard, uniq_grum,
          uniq_joseph
D:11:     layout_stronghold, due_lair_maze_entry_diamond, orc_0_dummy,
          serial_shops, nicolae_shop_window_shopping,
          ashenzari_conservatory_becter, uniq_josephine
D:12:     layout_roguey, serial_shops, nicolae_inconvenience_store,
          nicolae_elemental_shop
D:13:     hangedman_cross_stitches, layout_loops_ring, minmay_the_grid_2x2
          [minmay_the_grid_medium_cups, minmay_the_grid_embedded,
          minmay_the_grid_odd_star, minmay_the_grid_prize_trominoes]
D:14:     minmay_box_of_statues, layout_basic, erik_vaults_2,
          minmay_misc_feat_cross
D:15:     grunt_enter_depths_hoard, layout_stronghold, roderic_roman_lattice,
          gammafunk_ghost_mausoleum, hangedman_abyss_or_decor_jellyfish_corner,
          nicolae_vehumet_altar_sigil
Lair:1:   layout_small_grid, st_stairs_7, hangedman_lair_unloving_vines,
          minmay_holes, grunt_megastairs_5, lemuel_fruit_fields
Lair:2:   layout_regular_city, dummy_snake_entry, basic_altar,
          nicolae_quartered_pool_super, minmay_lindwurm_lava
Lair:3:   layout_loops_ring, skrybe_swamp_entry_bodies
Lair:4:   layout_gridlike, slime_entry_2, portal_ice_cave_entry_pillars_2,
          uniq_rupert
Lair:5:   hangedman_lair_in_review, layout_concentric_octagons,
          serial_bayou_shore_a
Orc:1:    layout_caves, hangedman_feature_mirror
Orc:2:    pf_orc_diabolical, layout_caves, nicolae_volcano_entry_two_sided,
          serial_shops, freezing_bzr, nicolae_specific_store, mines2_lemuel

Skill      XL: |  1  2  3  4  5  6  7  8  9 10 11 12 13 14 15 |
---------------+----------------------------------------------+-----
Axes           | 4 5 6 7 9 11 13 15 16 | 16.0
Armour         | 5 7 8 9 12 13 15 | 15.1
Fighting       | 4 6 7 9 11 13 15 17 18 | 18.0
Shields        | 3 4 6 7 8 10 15 | 15.6
Throwing       | 2 3 4 5 6 9 10 | 10.0
Dodging        | 3 4 6 7 |  7.0

Action                   |  1- 3 |  4- 6 |  7- 9 | 10-12 | 13-15 || total
-------------------------+-------+-------+-------+-------+-------++-------
Melee: Hand axe          |    71 |       |       |       |       ||    71
       Headbutt          |    16 |     5 |    39 |   110 |   257 ||   427
       War axe           |    20 |    47 |   218 |   491 |   923 ||  1699
       Flail             |       |       |       |    12 |     2 ||    14
       Morningstar       |       |       |       |       |    26 ||    26
Throw: Boomerang         |    43 |    11 |    15 |    48 |    68 ||   185
       Javelin           |       |       |    59 |    72 |    60 ||   191
Invok: Berserk           |       |     5 |    14 |    14 |    35 ||    68
       Trog's Hand       |       |     1 |       |     1 |     4 ||     6
       Brothers in Arms  |       |       |       |       |     6 ||     6
  Use: Scroll            |     4 |     3 |    12 |     5 |    13 ||    37
       Potion            |     1 |     3 |     1 |     4 |     4 ||    13
 Stab: Invisible         |       |       |       |     1 |       ||     1
       Petrifying        |       |       |       |       |     2 ||     2
       Petrified         |       |       |       |       |     2 ||     2
Armor: Animal skin       |     6 |       |       |       |       ||     6
       Plate armour      |    10 |    25 |    94 |   242 |   610 ||   981
       Ring mail         |     5 |       |       |       |       ||     5
Dodge: Dodged            |    40 |    10 |    59 |   146 |   350 ||   605
Block: Buckler           |       |     2 |    29 |    78 |   188 ||   297
       Kite shield       |       |       |       |       |   159 ||   159

Table legend:
 A = Non-vault XP
 B = Vault XP
 C = Vault XP percentage of total XP
 D = Non-vault monster count
 E = Vault monster count
 F = Vault count percentage of total count
                 A         B        C        D         E       F
            +---------+---------+-------+---------+---------+-------
      Total |   83505 |   68949 |  45.2 |     454 |     190 |  29.5
            +---------+---------+-------+---------+---------+-------
        D:1 |      34 |       0 |   0.0 |      20 |       0 |   0.0
        D:2 |      33 |       0 |   0.0 |       7 |       0 |   0.0
        D:3 |     101 |     392 |  79.5 |      11 |      15 |  57.7
        D:4 |     278 |     235 |  45.8 |      16 |       3 |  15.8
        D:5 |    1000 |      77 |   7.1 |      21 |       2 |   8.7
        D:6 |      24 |     171 |  87.7 |       3 |       1 |  25.0
        D:7 |    1007 |       0 |   0.0 |      19 |       0 |   0.0
        D:8 |    1472 |     161 |   9.9 |      18 |       2 |  10.0
        D:9 |    4128 |       0 |   0.0 |      39 |       0 |   0.0
       D:10 |    3453 |    1008 |  22.6 |      23 |       5 |  17.9
       D:11 |    2528 |    2573 |  50.4 |      13 |      11 |  45.8
       D:12 |   10184 |       0 |   0.0 |      30 |       0 |   0.0
       D:13 |    8524 |   19606 |  69.7 |      28 |      34 |  54.8
       D:14 |   12681 |   15530 |  55.0 |      28 |      27 |  49.1
       D:15 |   11871 |    1750 |  12.8 |      37 |       2 |   5.1
     Lair:1 |    1173 |     576 |  32.9 |       4 |       3 |  42.9
     Lair:2 |    1494 |       0 |   0.0 |      12 |       0 |   0.0
     Lair:3 |    4452 |     625 |  12.3 |      17 |       1 |   5.6
     Lair:4 |    4788 |    1798 |  27.3 |      18 |       1 |   5.3
     Lair:5 |    8586 |    8184 |  48.8 |      30 |      18 |  37.5
      Orc:1 |    3149 |      35 |   1.1 |      40 |       1 |   2.4
      Orc:2 |    2545 |   16228 |  86.4 |      20 |      64 |  76.2
            +---------+---------+-------+---------+---------+-------
